 Dungeon Crawl Stone Soup version 0.26-a0-651-gb41185065b (webtiles) character file.

Game seed: 3773315337118384915

443 lorenzova the Magician (level 6, -3/32 HPs)
             Began as a Deep Elf Conjurer on Oct 29, 2020.
             Slain by Pikel
             ... wielding a +0 whip of freezing
              (4 damage)
             ... on level 3 of the Dungeon.
             The game lasted 00:06:21 (4377 turns).

lorenzova the Magician (Deep Elf Conjurer)          Turns: 4377, Time: 00:06:21

Health: -3/32      AC:  3    Str:  4    XL:     6   Next: 71%
Magic:  7/18       EV: 13    Int: 25    God:
Gold:   176        SH:  0    Dex: 13    Spells: 16/19 levels left

rFire    . . .     SeeInvis .   v - +2 quarterstaff (chaos)
rCold    . . .     Faith    .   (shield currently unavailable)
rNeg     . . .     Spirit   .   a - +0 robe
rPois    .         Reflect  .   (no helmet)
rElec    .         Harm     .   w - +0 cloak
rCorr    .         Rampage  .   (no gloves)
MR       .....                  (no boots)
Stlth    ++........             (no amulet)
HPRegen  0.10/turn              (no ring)
MPRegen  0.16/turn              (no ring)

@: no status effects
A: no striking features
a: no special abilities


You were on level 3 of the Dungeon.
You visited 1 branch of the dungeon, and saw 4 of its levels.

You collected 176 gold pieces.

Inventory:

Hand Weapons
 v - a +2 quarterstaff of chaos (weapon)
Armour
 a - a +0 robe (worn)
 w - a +0 cloak (worn)
Magical Staves
 g - an uncursed staff of cold
Wands
 u - a wand of flame (8)
Scrolls
 b - a scroll of fear {unknown}
 c - 2 scrolls of fog
 d - 2 scrolls of enchant armour {unknown}
 f - 2 scrolls of remove curse {unknown}
 i - 3 scrolls of teleportation
 l - a scroll of random uselessness {unknown}
 n - a scroll of magic mapping {unknown}
 p - a scroll of blinking {unknown}
 q - a scroll of amnesia {unknown}
 t - a scroll of noise {unknown}
Potions
 e - a potion of heal wounds
 h - a potion of degeneration {unknown}
 j - 2 potions of flight
 k - a potion of berserk rage {unknown}
 m - a potion of lignification {unknown}
 o - a potion of brilliance {unknown}
 r - a potion of magic {unknown}
 s - 2 potions of resistance {unknown}


   Skills:
 - Level 2.4 Dodging
 - Level 2.4 Stealth
 + Level 7.1 Spellcasting
 + Level 7.0 Conjurations


You had 16 spell levels left.
You knew the following spells:

 Your Spells              Type           Power        Failure   Level
a - Magic Dart            Conj           ####         1%          1
b - Searing Ray           Conj           #####.       1%          2

Your spell library contained the following spells:

 Spells                   Type           Power        Failure   Level
 Dazzling Flash           Conj/Hex       ####..       4%          3
 Fulminant Prism          Conj/Hex       ####......   16%         4
 Iskenderun's Mystic Bla  Conj/Tloc      ####....     16%         4


Dungeon Overview and Level Annotations

Branches:
Dungeon (4/15)
 Temple: D:4-7

Altars:
Elyvilon
Hepliaklqana
Trog

Annotations:
D:3 Pikel


Message History

The lemure shouts!
Pikel closely misses you.
You climb upwards.
There is a stone staircase leading down here.
Pikel zaps a wand.
The mass of ice explodes!
The iceblast engulfs you!
Ouch! That really hurt!
* * * LOW HITPOINT WARNING * * *
Unknown command.
Casting: Searing Ray (safe; 1% risk of failure)
Confirm with . or Enter, or press ? or * to list all spells.
Aiming: Searing Ray (safe; 1% risk of failure)
Press: ? - help, Shift-Dir - straight line, f - Pikel
Aim: Pikel, wielding a +0 whip of freezing, wearing a +0 robe and carrying a wand of iceblast (5) (moderately wounded)
The searing ray hits Pikel.
Pikel is heavily wounded. (Press . to maintain the ray.)
The searing ray hits Pikel.
Pikel is heavily wounded.
Pikel hits you with a +0 whip of freezing.
You die...

# ############### ##
#.>...........# .##
#.#####.#.###.# #.# #.# #.#.# #.#
### .## ### #.# ###.#.# #.###.##
#######.## #.# #.>...# #.##....
.......#.# #.###.#.#.# #.#.....
#######.######.#.....#.###.##....
####......#..@K.........##....
#.........###.................
#.##<.##..# #......#######....
#.##).##..# #......# ##'##
#.##...#..# ######.# ##...# #
#.........# ##.# ##..... ##
###.#..##.# ##..# ##......
.####.....##.######...####......)
.'..........^............'.[.....


You could see Pikel.

Vanquished Creatures
  Sigmund (D:2)
  2 lemures
  Crazy Yiuf (D:3)
  2 orc priests (D:3)
  A bullfrog skeleton (D:3)
  8 adders
  An ooze (D:1)
  4 worms (D:2)
  2 dart slugs
  2 leopard geckos
  6 orcs (D:3)
  5 bats
  4 giant cockroaches
  8 goblins
  8 hobgoblins
  A quokka (D:3)
  3 ball pythons
  5 frilled lizards
  4 kobolds
  8 rats
76 creatures vanquished.

Notes
Turn   | Place    | Note
-------+----------+-------------------------------------------
     0 | D:1      | lorenzova the Deep Elf Conjurer began the quest for the
                  | Orb.
     0 | D:1      | Reached XP level 1. HP: 10/10 MP: 6/6
   279 | D:1      | Reached XP level 2. HP: 15/15 MP: 6/8
   283 | D:1      | Learned a level 2 spell: Searing Ray
  1084 | D:1      | Reached skill level 5 in Conjurations
  1084 | D:1      | Reached XP level 3. HP: 19/19 MP: 6/10
  1406 | D:2      | Noticed Sigmund
  1434 | D:2      | Killed Sigmund
  1434 | D:2      | Reached skill level 5 in Spellcasting
  1434 | D:2      | Reached XP level 4. HP: 20/24 MP: 2/13
  1434 | D:2      | Reached XP level 5. HP: 23/28 MP: 2/15
  2091 | D:2      | Reached XP level 6. HP: 30/32 MP: 7/17
  2488 | D:2      | Found a bloodstained altar of Trog.
  3304 | D:3      | Found a hazy altar of Hepliaklqana.
  3536 | D:3      | Found a runed translucent door.
  3537 | D:3      | Noticed Crazy Yiuf
  3623 | D:3      | Found a white marble altar of Elyvilon.
  3886 | D:3      | Killed Crazy Yiuf
  4116 | D:4      | Noticed Pikel
  4375 | D:3      | HP: 1/32 [Pikel/iceblast (16)]
  4377 | D:3      | Slain by Pikel

Illustrated notes

Levels and vault maps discovered:
D:1:      roderic_chinese_lattice_arrival, layout_loops_corners
D:2:      layout_basic, trog_book, uniq_sigmund
D:3:      layout_loops_corners, nicolae_overflow_hidden_temple,
          elyvilon_altar_3, uniq_crazy_yiuf_cottage
D:4:      layout_gridville, tgw_sif, uniq_pikel, uniq_duvessa, uniq_natasha

Skill      XL: |  1  2  3  4  5  6 |
---------------+-------------------+-----
Spellcasting   | 4 5 6 7 |  7.1
Conjurations   | 5 6 7 |  7.0
Dodging        | |  2.4
Stealth        | |  2.4

Action                   |  1- 3 |  4- 6 || total
-------------------------+-------+-------++-------
 Cast: Magic Dart        |    46 |   104 ||   150
       Searing Ray       |     3 |    11 ||    14
  Use: Scroll            |       |     4 ||     4
Armor: Robe              |       |     5 ||     5
Dodge: Dodged            |     8 |    13 ||    21

Table legend: (Time is in decaauts)
 A = Elapsed time spent in this place.
 B = Non-inter-level travel time spent in this place.
 C = Inter-level travel time spent in this place.
 D = Time resting spent in this place.
 E = Time spent auto-exploring this place.
 F = Levels seen in this place.
 G = Mean time per level.
                   A        B        C        D        E       F      G
               +--------+--------+--------+--------+--------+-----+--------+
         Total |   4376 |   4219 |    157 |   1574 |   2297 |   4 | 1094.0 |
       Dungeon |   4376 |   4219 |    157 |   1574 |   2297 |   4 | 1094.0 |
               +--------+--------+--------+--------+--------+-----+--------+

Top non-repeatable levels by time:
     D:3: 1800 daAuts
     D:1: 1336 daAuts
     D:2: 1200 daAuts
     D:4: 39 daAuts
